 Dungeon Crawl Stone Soup version 0.30.0-16-gbe6223bb7e (webtiles) character file.

Game seed: 14264579263101056378

33 GigaChad the Covered (level 3, 33/33 HPs)
             Began as a Minotaur Fighter on May 21, 2023.
             Was a Follower of Wu Jian.
             Quit the game on level 2 of the Dungeon.
             The game lasted 00:01:25 (1032 turns).

GigaChad the Covered (Minotaur Fighter)             Turns: 1032, Time: 00:01:26

Health: 33/33      AC:  7    Str: 22    XL:     3   Next: 12%
Magic:  2/2        EV:  9    Int:  5    God:    Wu Jian [*.....]
Gold:   97         SH:  4    Dex:  9    Spells: 2/2 levels left

rFire   . . .        a - +0 war axe
rCold   . . .        c - +0 buckler
rNeg    . . .        b - +0 scale mail
rPois   .            (helmet restricted)
rElec   .            (no cloak)
rCorr   .            (no gloves)
SInv    .            (no boots)
Will    .....        (no amulet) Stlth
                     (no ring)
HPRegen 0.25/turn    (no ring)
MPRegen 0.08/turn

%: no passive effects
@: no status effects
A: horns 2, retaliatory headbutt
a: Renounce Religion


You were on level 2 of the Dungeon.
You worshipped Wu Jian.
Wu Jian was aware of your devotion.
You visited 1 branch of the dungeon, and saw 2 of its levels.

You collected 97 gold pieces.

Inventory:

Hand Weapons
 a - a +0 war axe (weapon)
Armour
 b - a +0 scale mail (worn)
 c - a +0 buckler (worn)
Scrolls
 h - a scroll of fear
 j - a scroll of amnesia {unknown}
 k - a scroll of teleportation {unknown}
Potions
 d - a potion of might
 e - a potion of lignification {unknown}
 f - a potion of haste {unknown}
 g - a potion of heal wounds {unknown}
 i - a potion of cancellation {unknown}
 l - a potion of brilliance {unknown}
 m - a potion of flight {unknown}


   Skills:
 * Level 4.0 Fighting
 * Level 2.9 Axes
 * Level 4.2 Armour
 * Level 4.0 Shields


You had 2 spell levels left.
You didn't know any spells.
Your spell library was empty.

Dungeon Overview and Level Annotations

Branches:
Dungeon (2/15)

Altars:
Wu Jian

Annotations:
D:2 1 runed translucent door, Crazy Yiuf


Innate Abilities, Weirdness & Mutations

You have a pair of horns on your head.
You reflexively headbutt those who attack you in melee.


Message History

The jackal is heavily wounded.
The jackal bites you but does no damage.
The jackal closely misses you. You furiously retaliate!
You headbutt the jackal!
You kill the jackal!
The Council accepts your kill.
No target in view!
No target in view!
HP restored.
You see here a jackal corpse.
Found a hammer.
Found a runed translucent door.
Crazy Yiuf says, "Cod sing-song hand!"
You see here a +0 mace.
A frilled lizard comes into view.
The frilled lizard hisses angrily.
A frilled lizard is nearby!
Found the +27 heavy crossbow "Sniper" {heavy, Acc+∞ SInv}.
You see here a scroll labelled WUR GONGI MIPHIWE.
A frilled lizard is nearby!
A ball python comes into view.
Found a scroll of identify.
The ball python hisses angrily.
There are monsters nearby!
You lunge at the frilled lizard, but your attack speed is too slow for a blow to land.
The frilled lizard barely misses you. You furiously retaliate!
You headbutt the frilled lizard!
You kill the frilled lizard!
The Council accepts your kill.
Unknown command.
You slash the ball python!
You kill the ball python!
The Council accepts your kill.
Unknown command.
No target in view!
Unknown command.
No target in view!
Unknown command.
No target in view!
You see here the +27 heavy crossbow "Sniper" {heavy, Acc+∞ SInv}.
Are you sure you want to abandon this character and quit the game? (Confirm with "yes".)

### #.. #############
#.# ............ #<#
##......#.. #.#
........#.# #.#
..........# #.#
..........## #.# #..
.......@...# #.# #..†
........##?# #.##.#..
#......###.# #.#.##..
#.#.?.# #.# #.##.##.
# ##.#####.###.##.#
#.#. #...........##.#
#..
#######.######.#####.
.....................
#######..............


There were no monsters in sight!

Vanquished Creatures
  4 dart slugs
  A ball python (D:2)
  An endoplasm (D:2)
  2 goblins
  2 hobgoblins (D:1)
  4 jackals (D:2)
  A kobold (D:2)
  2 quokkas (D:1)
  2 bats
  3 frilled lizards
  A rat (D:2)
23 creatures vanquished.

Notes
Turn   | Place    | Note
-------+----------+-------------------------------------------
     0 | D:1      | GigaChad the Minotaur Fighter began the quest for the Orb.
     0 | D:1      | Reached XP level 1. HP: 19/19 MP: 0/0
   178 | D:1      | Reached XP level 2. HP: 27/27 MP: 1/1
   813 | D:2      | Found a faded altar of an unknown god.
   824 | D:2      | Prayed at the altar of an unknown god.
   824 | D:2      | Became a worshipper of the Wu Jian Council
   824 | D:2      | Reached * piety under Wu Jian
   844 | D:2      | Identified the +10 sling of Pandemonium {freeze, rElec
                  | Str+4}
   888 | D:2      | Reached XP level 3. HP: 33/33 MP: 2/2
   978 | D:2      | Found a runed translucent door.
   979 | D:2      | Noticed Crazy Yiuf
  1027 | D:2      | Found the +27 heavy crossbow "Sniper" {heavy, Acc+∞ SInv}
  1032 | D:2      | Quit the game

Illustrated notes

Levels and vault maps discovered:
D:1:      saegor_arrival_simple_d, layout_basic, minmay_misc_feat_cross
D:2:      layout_loops_ring, hellmonk_ecumenical_altar_arch_garden,
          uniq_crazy_yiuf_cottage

Skill      XL: |  1  2 |
---------------+-------+-----
Armour         | 4 |  4.2
Fighting       | 4 |  4.0
Shields        | 4 |  4.0
Axes           | |  2.9

Action                     || total
---------------------------++-------
  Melee: War axe           ||    32
         Headbutt          ||     5
Ability: Lunge             ||     1
    Use: Scroll            ||     1
 Armour: Scale mail        ||    17
  Dodge: Dodged            ||    25
  Block: Buckler           ||     3
